 Dungeon Crawl Stone Soup version 0.31-a0-803-g95b03c3367 (webtiles) character file.

Game seed: 6911902501995289382

177 Flugkiller the Chiller (level 5, -3/38 HPs)
             Began as a Demigod Ice Elementalist on Sept 21, 2023.
             Slain by a gnoll sergeant
             ... wielding a +0 trident
              (13 damage)
             ... on level 3 of the Dungeon.
             The game lasted 00:03:27 (2810 turns).

Flugkiller the Chiller (Demigod Ice Elementalist)   Turns: 2810, Time: 00:03:28

Health: -3/38      AC:  5    Str:  9    XL:     5   Next: 9%
Magic:  10/13      EV: 12    Int: 21    God:
Gold:   152        SH:  0    Dex: 14    Spells: 7/11 levels left

rFire   . . .        (no weapon)
rCold   + . .        (no shield)
rNeg    . . .        a - +0 robe
rPois   .            (no helmet)
rElec   .            g - +1 cloak
rCorr   .            (no gloves)
SInv    .            c - +0 pair of boots
Will    .....        (no amulet)
Stlth   ++           p - ring of protection from cold
HPRegen 0.26/turn    (no ring)
MPRegen 0.13/turn

%: no passive effects
@: freezing walls, hasted, very quick
A: high MP 1, forlorn, divine attributes
a: no special abilities


You were on level 3 of the Dungeon.
You visited 1 branch of the dungeon, and saw 3 of its levels.

You collected 152 gold pieces.

Inventory:

Armour
 a - a +0 robe (worn)
 c - a +0 pair of boots (worn)
   (You found it on level 1 of the Dungeon)
 g - a +1 cloak (worn)
   (You took it off Crazy Yiuf on level 2 of the Dungeon)
Jewellery
 p - a ring of protection from cold (left hand)
   (You found it on level 1 of the Dungeon)
Wands
 f - a wand of flame (15)
   (You took it off Crazy Yiuf on level 2 of the Dungeon)
Scrolls
 d - a scroll of teleportation {unknown}
 e - a scroll of fear {unknown}
 i - a scroll of identify {unknown}
 j - a scroll of amnesia {unknown}
 k - a scroll of poison {unknown}
 l - a scroll of immolation {unknown}
Potions
 b - a potion of magic
 h - a potion of haste


   Skills:
 - Level 1.7 Dodging
 - Level 1.7 Stealth
 + Level 3.5 Spellcasting
 + Level 5.0 Ice Magic


You had 7 spell levels left.
You knew the following spells:

 Your Spells              Type           Power      Damage    Failure   Level
a - Freeze                Ice            96%        1d10      1%          1
b - Frozen Ramparts       Ice            48%        1d8       4%          3

Your spell library contained the following spells:

 Spells                   Type           Power      Damage    Failure   Level
 Ozocubu's Armour         Ice            24%        N/A       4%          3
 Slow                     Hex            12%        N/A       13%         1
 Confusing Touch          Hex            3%         N/A       36%         3
 Sigil of Binding         Hex            3%         N/A       36%         3
 Vampiric Draining        Necr           3%         2d6       36%         3
 Summon Ice Beast         Ice/Summ       14%        N/A       41%         4


Dungeon Overview and Level Annotations

Branches:
Dungeon (3/15) Zot: 15189

Shops:
D:3 !


Innate Abilities, Weirdness & Mutations

You have an increased reservoir of magic. (+10% MP)
You shall have no god before yourself.
Your divine heritage dramatically boosts your attributes as you level up.


Message History

A gnoll comes into view. It is wielding a +0 whip.
Found the +5 woodcutter's axe.
The gnoll shouts!
The gnoll throws a throwing net.
The throwing net hits you.
You become entangled in the net!
You see here a throwing net.
You struggle against the net.
You struggle against the net.
You struggle against the net.
The gnoll sergeant shouts!
The gnoll hits you with a +0 club.
You rip the net and break free!
The gnoll hits you but does no damage. The gnoll attacks as it pursues you!
The gnoll completely misses you.
Press: ? - help, v - describe, . - travel
Here: a gnoll, wielding a +0 club The floor.
The gnoll attacks as it pursues you! The gnoll hits you with a +0 club.
Casting: Freeze (safe; 1% risk of failure)
Confirm with . or Enter, or press ? or * to list all spells.
You miscast Frozen Ramparts.
You are very lightly contaminated with residual magic.
Nothing appears to happen.
The gnoll hits you with a +0 club!
Casting: Frozen Ramparts (dangerous; 5% risk of failure)
Confirm with . or Enter, or press ? or * to list all spells.
The walls around you are covered in ice.
The wall freezes the gnoll but does no damage.
The wall freezes the gnoll.
You hit the gnoll but do no damage.
The gnoll is moderately wounded.
The wall freezes the gnoll. x2; The gnoll completely misses you.
Casting: Frozen Ramparts (dangerous; 5% risk of failure)
Confirm with . or Enter, or press ? or * to list all spells.
Aiming: Freeze (safe; 1% risk of failure)
Press: ? - help, Shift-Dir - straight line, f - gnoll
Aim: a gnoll, wielding a +0 whip (lightly wounded)
You freeze the gnoll!
The gnoll is severely wounded.
The wall freezes the gnoll.
You kill the gnoll!
The wall freezes the gnoll.
You kill the gnoll!
You have reached level 5!
The frozen ramparts melt away as you move.
Unknown command.
Your magical contamination has completely faded away.
There is an open door here.
There is a stone staircase leading up here.
You climb upwards.
There is a stone staircase leading down here.
HP restored.
There is a stone staircase leading down here.
You start resting.
Magic restored.
You climb downwards.
There is a stone staircase leading up here.
Things that are here:
a stone; a +0 dagger; a kobold skeleton A gnoll is nearby!
The gnoll shouts!
You hear a shout!
Casting: Freeze (safe; 1% risk of failure)
Confirm with . or Enter, or press ? or * to list all spells.
Aiming: Freeze (safe; 1% risk of failure)
Press: ? - help, Shift-Dir - straight line, f - gnoll
Aim: a gnoll, wielding a +0 club You freeze the gnoll!
The gnoll is severely wounded.
The gnoll hits you with a +0 club.
Casting: Freeze (safe; 1% risk of failure)
Confirm with . or Enter, or press ? or * to list all spells.
Aiming: Freeze (safe; 1% risk of failure)
Press: ? - help, Shift-Dir - straight line, f/p - gnoll
Aim: a gnoll, wielding a +0 club (severely wounded)
You freeze the gnoll!
You kill the gnoll!
Your Ice Magic skill increases to level 5!
Casting: Freeze (safe; 1% risk of failure)
Confirm with . or Enter, or press ? or * to list all spells.
You can't see any susceptible monsters within range! (Use Z to cast anyway.)
You see here a +0 club.
The gnoll sergeant shouts!
Casting: Freeze (safe; 1% risk of failure)
Confirm with . or Enter, or press ? or * to list all spells.
The walls around you are covered in ice.
The wall freezes the gnoll sergeant.
The gnoll sergeant hits you from afar with a +0 trident!
The wall freezes the gnoll sergeant but does no damage.
The gnoll sergeant hits you from afar with a +0 trident!
* * * LOW HITPOINT WARNING * * *
You feel better.
The wall freezes the gnoll sergeant but does no damage.
The gnoll sergeant hits you from afar with a +0 trident!
* * * LOW HITPOINT WARNING * * *
Okay, then.
Unknown command.
Okay, then.
It was a potion of haste.
You feel yourself speed up.
h - a potion of haste;
g - a +1 cloak (worn)
The wall freezes the gnoll sergeant.
The gnoll sergeant hits you from afar with a +0 trident!
You die...

.............##........#♣.###'###
.......###'''#####.....#♣........
.....###.......###.<...# ♣..♣....
.....#.#.#####.#.......# ♣)..♣.♣
'###...#.#...#.#..#g...## ♣.....♣
.# #...#.#._.#.#..#.....##♣♣...♣♣
.# #...#.......#g........##♣..)♣
.# #...#########.#........#♣♣.♣♣
.# #......).....@#......####♣.♣
.###.......................##)##
.............................).#
...............................#
......[...........#.##.........#
.....#)....####...#.##.......###
.....#............#'##.......#
.....###...###..÷............#
.............................#


You could see a gnoll sergeant.

Vanquished Creatures
  A hound (D:3)
  Crazy Yiuf (D:2)
  3 gnolls (D:3)
  3 adders
  A worm (D:2)
  2 dart slugs
  7 ball pythons
  5 bats
  7 endoplasms
  3 goblins
  2 hobgoblins
  6 jackals
  4 kobolds (D:3)
  2 quokkas
  3 frilled lizards
  4 rats
54 creatures vanquished.

Notes
Turn   | Place    | Note
-------+----------+-------------------------------------------
     0 | D:1      | Flugkiller the Demigod Ice Elementalist began the quest for
                  | the Orb.
     0 | D:1      | Reached XP level 1. HP: 14/14 MP: 5/5
   238 | D:1      | Reached XP level 2. HP: 19/20 MP: 3/7
   442 | D:1      | Reached skill level 4 in Ice Magic
  1056 | D:2      | Reached XP level 3. HP: 26/26 MP: 6/9
  1923 | D:2      | Found a runed translucent door.
  1924 | D:2      | Noticed Crazy Yiuf
  2084 | D:2      | Killed Crazy Yiuf
  2085 | D:2      | Reached XP level 4. HP: 33/33 MP: 5/11
  2211 | D:3      | Learned a level 3 spell: Frozen Ramparts
  2611 | D:3      | Found Xiat's Distillery.
  2659 | D:3      | Noticed a gnoll sergeant
  2660 | D:3      | Found the +5 woodcutter's axe
  2675 | D:3      | Reached XP level 5. HP: 29/38 MP: 4/13
  2797 | D:3      | Reached skill level 5 in Ice Magic
  2810 | D:3      | Slain by a gnoll sergeant

Illustrated notes

Levels and vault maps discovered:
D:1:      roderic_crossed_star, layout_basic,
          shapermc_ecumenical_altar_mp_urbaneastern
D:2:      layout_basic, minmay_misc_feat_enclosed, uniq_crazy_yiuf_cottage
D:3:      layout_basic, mainiacjoe_overflow_alcove_4, serial_shops,
          nicolae_shop_real_fake_doors, pf_guarded_unrand_woodcutter

Skill      XL: |  1  2  3  4  5 |
---------------+----------------+-----
Spellcasting   | 2 3 |  3.5
Ice Magic      | 4 5 |  5.0
Dodging        | |  1.7
Stealth        | |  1.7

Action                     |  1- 3 |  4- 6 || total
---------------------------+-------+-------++-------
  Melee: Unarmed           |    19 |     9 ||    28
   Cast: Freeze            |    64 |    24 ||    88
         Frozen Ramparts   |       |     2 ||     2
    Use: Potion            |     3 |     2 ||     5
   Stab: Sleeping          |     2 |       ||     2
 Armour: Robe              |    38 |    21 ||    59
         Skin              |     3 |       ||     3
  Dodge: Dodged            |    42 |    25 ||    67

Table legend: (Time is in decaauts)
 A = Elapsed time spent in this place.
 B = Non-inter-level travel time spent in this place.
 C = Inter-level travel time spent in this place.
 D = Time resting spent in this place.
 E = Time spent auto-exploring this place.
 F = Levels seen in this place.
 G = Mean time per level.
                   A        B        C        D        E       F      G
               +--------+--------+--------+--------+--------+-----+--------+
         Total |   2810 |   2734 |     76 |    624 |   1618 |   3 |  936.7 |
       Dungeon |   2810 |   2734 |     76 |    624 |   1618 |   3 |  936.7 |
               +--------+--------+--------+--------+--------+-----+--------+

Top non-repeatable levels by time:
     D:2: 1242 daAuts
     D:1: 970 daAuts
     D:3: 597 daAuts
